AoeStats
← Doak

African Clearing

506751014Analyzed
4v4 RM · 18d ago on Sep 15, 2026· 55m 17s· 8 players
Game mode
Random Map
Map size
Large (8 player)
Population
200
Speed
Normal
Resources
Standard
Victory
Conquest
Starting age
Dark Age
Ending age
Imperial Age
RankedLock teamsTeams togetherTeam positionsShared explorationLock speedFull tech treeHidden civsTurbo modeCheats
Victory
Defeat
🇺🇸 Berbers · United States
1495
+16
🇺🇸 Koreans · United States
1449
+18
🇬🇧 Chinese · United Kingdom
1381
+20
🇺🇸 Mongols · United States
1365
+20
🇲🇽 Mapuche · Mexico
1496
-19
🇦🇷 Japanese · Argentina
1481
-19
🇲🇽 Georgians · Mexico
1476
-18
🇺🇸 Jurchens · United States
1475
-18
sgt peppers s
11:58 Loom
14:31 Feudal Age
18:17 Castle Age
16:42 Double-Bit Axe
17:14 Gold Mining
17:20 Fletching
17:49 Padded Archer Armor
19:15 Bow Saw
19:35 Bodkin Arrow
22:53 Leather Archer Armor
27:01 Ballistics
34:18 Wheelbarrow
36:05 Hand Cart
40:20 Imperial Age
37:56 Horse Collar
38:52 Gold Shaft Mining
38:50 Malon
39:15 Heavy Plow
39:08 Stone Mining
41:36 Ring Archer Armor
41:30 Conscription
41:09 Elite Bolas Rider
54:06 Chemistry
johnnyboy
6:41 Loom
13:09 Feudal Age
19:21 Double-Bit Axe
19:26 Town Watch
25:08 Fletching
Chim cu đi tắm
14:00 Feudal Age
13:17 Loom
14:05 Man-at-Arms
15:46 Arson
18:58 Castle Age
16:50 Arson
17:33 Fletching
19:29 Double-Bit Axe
20:00 Bodkin Arrow
CAMF
4:21 Loom
13:47 Feudal Age
18:34 Castle Age
17:37 Double-Bit Axe
19:55 Bow Saw
26:42 Scale Barding Armor
26:48 Bloodlines
28:01 Chain Barding Armor
28:15 Husbandry
28:20 Horse Collar
30:11 Forging
31:05 Stone Mining
31:09 Gold Mining
33:11 Wheelbarrow
32:26 Fishing Lines
33:17 Heavy Plow
35:42 Fletching
39:12 Imperial Age
38:45 Hand Cart
38:15 Town Watch
41:06 Plate Barding Armor
40:06 Elite Monaspa
42:46 Iron Casting
44:26 Blast Furnace
45:06 Crop Rotation
45:10 Capped Ram
46:08 Bodkin Arrow
47:08 Bracer
47:05 Pikeman
48:17 Halberdier
49:30 Scale Mail Armor
48:53 Onager
50:02 Guard Tower
51:15 Svan Towers
51:31 Conscription
52:38 Ballistics
53:18 Chemistry
Almost600
7:47 Loom
12:17 Feudal Age
15:40 Forging
18:50 Scale Barding Armor
22:38 Double-Bit Axe
23:30 Wheelbarrow
26:22 Castle Age
24:24 Horse Collar
24:53 Gold Mining
25:50 Bloodlines
27:16 Husbandry
27:40 Chain Barding Armor
27:34 Bow Saw
29:31 Iron Casting
33:42 Town Watch
34:08 Fletching
35:11 Hand Cart
35:43 Bodkin Arrow
37:14 Ballistics
37:24 Padded Archer Armor
38:48 Leather Archer Armor
42:20 Imperial Age
41:29 Heavy Plow
43:46 Plate Barding Armor
44:18 Blast Furnace
42:44 Heavy Camel Rider
43:32 Light Cavalry
45:07 Murder Holes
45:47 Maghrebi Camels
47:04 Hussar
49:41 Coinage
49:58 Conscription
51:18 Bracer
51:30 Masonry
51:03 Treadmill Crane
52:24 Chemistry
52:11 Masonry
52:51 Town Patrol
52:56 Scale Mail Armor
53:27 Ring Archer Armor
54:21 Hoardings
53:38 Cavalier
Thundernips, The Ultimate Gigolo
11:50 Feudal Age
13:19 Loom
15:59 Castle Age
16:11 Fletching
17:15 Double-Bit Axe
17:36 Bodkin Arrow
31:40 Imperial Age
30:29 Ballistics
30:47 Herbal Medicine
32:26 Bracer
34:21 Elite War Wagon
36:32 Chemistry
40:16 Husbandry
40:26 Thumb Ring
46:04 Conscription
51:35 Wheelbarrow
55:09 Bow Saw
54:35 Capped Ram
55:07 Horse Collar
some.spiced.ham
5:57 Loom
14:01 Feudal Age
15:22 Stone Mining
17:46 Castle Age
15:52 Fletching
17:55 Bloodlines
20:06 Bodkin Arrow
27:05 Padded Archer Armor
32:42 Ballistics
32:49 Double-Bit Axe
45:58 Imperial Age
45:16 Leather Archer Armor
45:31 Husbandry
46:03 Elite Mangudai
47:04 Conscription
47:06 Bracer
Doak
4:18 Loom
4:27 Loom
10:19 Loom
13:05 Feudal Age
13:37 Double-Bit Axe
14:49 Fletching
21:24 Gold Mining
24:42 Castle Age
24:47 Crossbowman
25:22 Bodkin Arrow
26:46 Bow Saw
30:21 Padded Archer Armor
33:23 Ballistics
38:41 Town Watch
39:51 Thumb Ring
41:23 Horse Collar
47:28 Imperial Age
48:10 Bracer
49:50 Chemistry
48:48 Arbalester
50:12 Wheelbarrow
51:25 Leather Archer Armor
52:17 Two-Man Saw
53:50 Hand Cart
55:19 Ring Archer Armor
54:49 Elite Genitour
Connection lost

Rejoining the realm…

Still unreachable

The connection could not be restored.

Session expired

The server has moved on; the page needs a fresh start.